 Dungeon Sprint DCSS version 0.28-a0-793-g31680bbd8b (webtiles) character file.

Game seed: 11337392073759514128

6500000 ytrimaz the Blood Saint (level 26, -174/290 HPs)
             Began as a Demonspawn Berserker on Nov 3, 2021.
             Was the Champion of Makhleb.
             Annihilated by a destroyer (192 damage)
             ... in the Dungeon (Sprint VIII: "Arena of Blood").
             The game lasted 00:04:08 (65 turns).

ytrimaz the Blood Saint (Demonspawn Berserker)        Turns: 65, Time: 00:04:09

Health: -174/290   AC:  4    Str: 28    XL:     26   Next: 86%
Magic:  0/54       EV: 30    Int:  9    God:    Makhleb [******]
Gold:   0          SH:  0    Dex: 14    Spells: 79/79 levels left

rFire   . . .      SeeInvis .   h - +∞ Axe of Woe
rCold   . . .      Faith    .   (shield currently unavailable)
rNeg    . . .      Spirit   +   a - +0 animal skin
rPois   .          Reflect  .   (no helmet)
rElec   .          Harm     .   (no cloak)
rCorr   .          Rampage  .   (gloves unavailable)
Will    +....      NoTele   +   (no boots)
Stlth   +++++++++.              (no amulet)
HPRegen 0.58/turn               (no ring)
MPRegen 0.68/turn               (no ring)

@: slowed, repel missiles, very slow
A: repulsion field 3, ignite blood 3, robust 2, magic shield, magic
regeneration, magic link, demonic touch 3
a: Renounce Religion, Minor Destruction, Lesser Servant of Makhleb, Major
Destruction, Greater Servant of Makhleb


You were in the Dungeon.
You worshipped Makhleb.
Makhleb was exalted by your worship.
You visited 1 branch

Inventory:

Hand Weapons
 h - the +∞ Axe of Woe (weapon)
   (You found it in the Dungeon)
Armour
 a - a +0 animal skin (worn)
Scrolls
 g - a scroll of blinking
Potions
 b - a potion of curing
 c - a potion of heal wounds
 d - a potion of haste
 e - 2 potions of magic
 f - a potion of berserk rage


   Skills:
 O Level 27 Fighting
 O Level 27 Short Blades
 O Level 27 Long Blades
 O Level 27 Axes
 O Level 27 Maces & Flails
 O Level 27 Polearms
 O Level 27 Staves
 O Level 27 Slings
 O Level 27 Bows
 O Level 27 Crossbows
 O Level 27 Throwing
 O Level 27 Armour
 O Level 27 Dodging
 O Level 27 Stealth
 O Level 27 Shields
 O Level 27 Unarmed Combat
 O Level 27 Spellcasting
 + Level 14.1 Conjurations
 O Level 27 Invocations
 O Level 27 Evocations


You had 79 spell levels left.
You didn't know any spells.
Your spell library was empty.

Dungeon Overview and Level Annotations

Branches:
Dungeon (1/1)

Altars:
Makhleb


Innate Abilities, Weirdness & Mutations

You are surrounded by a strong repulsion field. (EV +4, RMsl)
Your demonic aura causes all spilled blood to erupt in flames.
You are very robust. (+20% HP)
When hurt, damage is shared between your health and your magic reserves.
You regenerate magic rapidly.
When low on magic, you restore magic in place of health.
Your touch may irresistibly damage your foes and sap their willpower.


Message History

You need to enable at least one skill for training.
Your Conjurations skill gained 14 levels and is now at level 14!
A bag of meat comes into view. It is wielding a +9 war axe.
You hear a shout!
A meat berserker comes into view. It is wielding a +9 battleaxe.
A bag of meat comes into view. It is wielding a +9 war axe.
The destroyer hits you with a +9 vorpal great sword!!!!
* * * LOW HITPOINT WARNING * * *
The destroyer bites you.
* * * LOW HITPOINT WARNING * * *
The destroyer draws strength from your injuries!
A bag of meat comes into view. It is wielding a +9 war axe.
The tyrant gestures wildly while chanting.
The tyrant seems to speed up.
You hear a shout! x2
The meat berserker is engulfed in blazing flames.
A tyrant comes into view.
You hear a shout! x2
The accursed is engulfed in blazing flames.
The meat berserker is engulfed in blazing flames.
You hear a shout!
The dread calls on the powers of darkness!
The bag of meat convulses! x4; The meat berserker convulses!
The large bag of meat convulses!
Flame seeps out of the large bag of meat.
The bag of meat convulses!
Your body is wracked with pain!
* * * LOW HITPOINT WARNING * * *
The bag of meat convulses! x2; The meat berserker convulses! x3
The bag of meat is engulfed in blazing flames.
The large bag of meat is engulfed in blazing flames.
The bag of meat is engulfed in blazing flames.
The bag of meat misses you.
You hear a shout! x2
The meat berserker rages.
The tyrant waves its bony arms in wide circles.
The air twists around and strikes you!!
* * * LOW HITPOINT WARNING * * *
The destroyer hits you with a +9 vorpal great sword!!!!!
Ouch! That really hurt!
You die...

.....L.... .....
......... ...o.
#.......# ...L..
#.....))# .oWo..
.###.......###......
......###○W)........
......_.)O§§o......
...#...).#oM☼§...#
#_.<._#@Oo§.....
#.....#OV.☼..#.#
......_...2o.O.O.o.
......###XXL......#.
.###.. X..###...o.o
#.. ...X# ...o.. #.
..O..# ......
..o...... L..o


You could see an accursed, a meat beast (fast), 3 tyrants, a destroyer, a large
bag of meat (inner flame), 4 large abominations, 2 dreads, 5 meat berserkers and
12 bags of meat.

Vanquished Creatures
  A hell beast (D)
  A royal mummy (D)
  10 vampire knights (D)
  23 ogres (D)
  2 two-headed ogres (D)
  3 liches (D)
  54 orcs (D)
  3 skeletal warriors (D)
97 creatures vanquished.

Notes
Turn   | Place    | Note
-------+----------+-------------------------------------------
     0 | D        | Found the +∞ Axe of Woe
     0 | D        | ytrimaz the Demonspawn Berserker began the quest for the
                  | Orb.
     0 | D        | Reached XP level 1. HP: 18/18 MP: 1/1
     2 | D        | Noticed a bag of meat
     3 | D        | Noticed a bag of meat
     4 | D        | Fell from the grace of Trog
     4 | D        | Became a worshipper of Makhleb the Destroyer
     4 | D        | Noticed a meat berserker
     4 | D        | Noticed a bag of meat
     5 | D        | Noticed a bag of meat
     5 | D        | Noticed a bag of meat
     8 | D        | Killed a bag of meat
     8 | D        | Killed a meat berserker
     8 | D        | Reached * piety under Makhleb
     8 | D        | Killed a bag of meat
     9 | D        | Reached skill level 15 in Fighting
     9 | D        | Gained mutation: You regenerate magic rapidly. [demonic
                  | ancestry]
     9 | D        | Reached XP level 2. HP: 45/45 MP: 1/15
     9 | D        | Gained mutation: Your touch may inflict minor irresistible
                  | damage on your foes. [demonic ancestry]
     9 | D        | Reached XP level 3. HP: 51/51 MP: 1/16
     9 | D        | Gained mutation: Your touch may inflict irresistible damage
                  | on your foes. [demonic ancestry]
     9 | D        | Reached XP level 4. HP: 58/58 MP: 1/18
     9 | D        | Reached XP level 5. HP: 64/64 MP: 1/19
     9 | D        | Gained mutation: When hurt, damage is shared between your
                  | health and your magic reserves. [demonic ancestry]
     9 | D        | Reached XP level 6. HP: 71/71 MP: 1/21
     9 | D        | Gained mutation: You are surrounded by a mild repulsion
                  | field. (EV +2) [demonic ancestry]
     9 | D        | Reached XP level 7. HP: 77/77 MP: 1/22
     9 | D        | Gained mutation: Your demonic aura sometimes causes spilled
                  | blood to erupt in flames. [demonic ancestry]
     9 | D        | Reached XP level 8. HP: 84/84 MP: 1/24
     9 | D        | Reached XP level 9. HP: 91/91 MP: 1/25
     9 | D        | Gained mutation: You are surrounded by a moderate repulsion
                  | field. (EV +3) [demonic ancestry]
     9 | D        | Reached XP level 10. HP: 98/98 MP: 1/26
     9 | D        | Gained mutation: When low on magic, you restore magic in
                  | place of health. [demonic ancestry]
     9 | D        | Reached XP level 11. HP: 104/104 MP: 1/27
     9 | D        | Reached XP level 12. HP: 111/111 MP: 1/28
     9 | D        | Reached XP level 13. HP: 117/117 MP: 1/29
     9 | D        | Killed a bag of meat
    10 | D        | Killed a bag of meat
    10 | D        | Reached ** piety under Makhleb
    11 | D        | Reached skill level 15 in Unarmed Combat
    11 | D        | Killed a bag of meat
    12 | D        | Reached skill level 15 in Stealth
    12 | D        | Reached XP level 14. HP: 129/129 MP: 3/31
    12 | D        | Noticed a meat berserker
    12 | D        | Noticed a bag of meat
    12 | D        | Noticed a bag of meat
    13 | D        | Noticed a meat berserker
    13 | D        | Noticed a meat berserker
    13 | D        | Noticed a bag of meat
    13 | D        | Noticed a bag of meat
    13 | D        | Noticed a bag of meat
    13 | D        | Noticed a bag of meat
    14 | D        | Noticed a bag of meat
    14 | D        | Noticed a bag of meat
    14 | D        | Noticed a bag of meat
    14 | D        | Noticed a bag of meat
    14 | D        | Noticed a bag of meat
    15 | D        | Noticed a bag of meat
    15 | D        | Killed a meat berserker
    15 | D        | Noticed a bag of meat
    15 | D        | Noticed a bag of meat
    16 | D        | Noticed a bag of meat
    16 | D        | Noticed a meat berserker
    16 | D        | Noticed a bag of meat
    16 | D        | Noticed a meat berserker
    17 | D        | Killed a meat berserker
    17 | D        | Reached *** piety under Makhleb
    17 | D        | Noticed a meat berserker
    18 | D        | Reached skill level 15 in Axes
    18 | D        | Reached skill level 10 in Dodging
    18 | D        | Reached skill level 15 in Spellcasting
    18 | D        | Reached XP level 15. HP: 30/141 MP: 1/34
    18 | D        | Killed a meat berserker
    19 | D        | Reached skill level 10 in Armour
    19 | D        | Reached **** piety under Makhleb
    20 | D        | Killed a meat berserker
    21 | D        | Reached XP level 16. HP: 148/154 MP: 3/37
    21 | D        | Reached ***** piety under Makhleb
    21 | D        | Killed a meat berserker
    22 | D        | Gained mutation: You are surrounded by a strong repulsion
                  | field. (EV +4, RMsl) [demonic ancestry]
    22 | D        | Reached XP level 17. HP: 165/165 MP: 3/40
    22 | D        | Killed a meat berserker
    23 | D        | Reached skill level 27 in Invocations
    24 | D        | Gained mutation: Your demonic aura often causes spilled
                  | blood to erupt in flames. [demonic ancestry]
    24 | D        | Reached XP level 18. HP: 178/178 MP: 5/42
    24 | D        | Reached ****** piety under Makhleb
    24 | D        | Noticed a meat berserker
    25 | D        | Noticed a meat berserker
    26 | D        | Reached skill level 27 in Fighting
    26 | D        | Reached skill level 27 in Axes
    28 | D        | Reached skill level 15 in Dodging
    28 | D        | Noticed a destroyer
    29 | D        | Reached XP level 19. HP: 189/189 MP: 8/47
    29 | D        | Noticed a meat berserker
    31 | D        | Killed a meat berserker
    32 | D        | Reached skill level 27 in Stealth
    33 | D        | Reached skill level 15 in Armour
    33 | D        | Noticed a destroyer
    33 | D        | Noticed a meat berserker
    33 | D        | Noticed a destroyer
    34 | D        | Reached skill level 27 in Unarmed Combat
    34 | D        | Killed a meat berserker
    34 | D        | Killed a destroyer
    34 | D        | Killed a meat berserker
    35 | D        | Reached skill level 27 in Spellcasting
    35 | D        | Reached XP level 20. HP: 106/197 MP: 5/51
    35 | D        | Noticed a destroyer
    36 | D        | Noticed a meat berserker
    37 | D        | Reached skill level 27 in Dodging
    37 | D        | Noticed a meat berserker
    37 | D        | Killed a destroyer
    38 | D        | Reached skill level 27 in Armour
    38 | D        | Killed a destroyer
    38 | D        | Killed a destroyer
    39 | D        | Gained mutation: Your touch may irresistibly damage your
                  | foes and sap their willpower. [demonic ancestry]
    39 | D        | Reached XP level 21. HP: 204/204 MP: 9/52
    39 | D        | Noticed a destroyer
    41 | D        | Reached skill level 10 in Short Blades
    41 | D        | Reached skill level 10 in Evocations
    42 | D        | Reached skill level 10 in Long Blades
    42 | D        | Reached skill level 10 in Maces & Flails
    42 | D        | Reached skill level 10 in Polearms
    42 | D        | Reached skill level 10 in Staves
    42 | D        | Reached skill level 10 in Slings
    42 | D        | Reached skill level 10 in Bows
    42 | D        | Reached skill level 10 in Crossbows
    42 | D        | Reached skill level 10 in Throwing
    42 | D        | Reached skill level 10 in Shields
    42 | D        | Noticed a large bag of meat
    44 | D        | Noticed a tyrant
    44 | D        | Noticed a destroyer
    44 | D        | Noticed a destroyer
    45 | D        | Gained mutation: You are robust. (+10% HP) [demonic
                  | ancestry]
    45 | D        | Reached XP level 22. HP: 204/233 MP: 13/53
    45 | D        | Noticed an accursed
    45 | D        | Killed a destroyer
    47 | D        | Reached skill level 15 in Short Blades
    47 | D        | Reached skill level 15 in Evocations
    48 | D        | Reached skill level 15 in Long Blades
    48 | D        | Reached skill level 15 in Maces & Flails
    48 | D        | Reached skill level 15 in Polearms
    48 | D        | Reached skill level 15 in Staves
    48 | D        | Reached skill level 15 in Slings
    48 | D        | Reached skill level 15 in Bows
    48 | D        | Reached skill level 15 in Crossbows
    48 | D        | Reached skill level 15 in Throwing
    48 | D        | Reached skill level 15 in Shields
    48 | D        | Killed an accursed
    48 | D        | Noticed a destroyer
    49 | D        | Gained mutation: Your demonic aura causes all spilled blood
                  | to erupt in flames. [demonic ancestry]
    49 | D        | Reached XP level 23. HP: 206/240 MP: 13/54
    51 | D        | Killed a destroyer
    52 | D        | Killed a destroyer
    52 | D        | Killed a destroyer
    52 | D        | Killed a large bag of meat
    52 | D        | Noticed a tyrant
    53 | D        | Reached XP level 24. HP: 228/249 MP: 14/54
    53 | D        | Noticed a large bag of meat
    54 | D        | Killed a tyrant
    54 | D        | Noticed a tyrant
    55 | D        | Noticed a large bag of meat
    56 | D        | Noticed a destroyer
    56 | D        | Noticed a destroyer
    57 | D        | Killed a destroyer
    57 | D        | Killed a destroyer
    57 | D        | Noticed an accursed
    57 | D        | Noticed a tyrant
    58 | D        | Gained mutation: You are very robust. (+20% HP) [demonic
                  | ancestry]
    58 | D        | Reached XP level 25. HP: 207/280 MP: 15/54
    59 | D        | Noticed a meat beast
    59 | D        | Killed a tyrant
    59 | D        | Noticed a destroyer
    60 | D        | Killed a large bag of meat
    60 | D        | Killed a meat beast
    61 | D        | Reached skill level 27 in Evocations
    61 | D        | Reached XP level 26. HP: 217/290 MP: 12/54
    61 | D        | Noticed a dread
    61 | D        | Killed a tyrant
    62 | D        | Reached skill level 27 in Short Blades
    63 | D        | Noticed a dread
    63 | D        | Noticed a meat beast
    63 | D        | Noticed a tyrant
    64 | D        | Noticed a tyrant
    65 | D        | Reached skill level 27 in Long Blades
    65 | D        | Reached skill level 27 in Maces & Flails
    65 | D        | Reached skill level 27 in Polearms
    65 | D        | Reached skill level 27 in Staves
    65 | D        | Reached skill level 27 in Slings
    65 | D        | Reached skill level 27 in Bows
    65 | D        | Reached skill level 27 in Crossbows
    65 | D        | Reached skill level 27 in Throwing
    65 | D        | Reached skill level 27 in Shields
    65 | D        | Noticed a tyrant
    65 | D        | Annihilated by a destroyer

Illustrated notes

Levels and vault maps discovered:
D:        meatsprint

Skill      XL: |  1  2  3  4  5  6  7  8  9 10 11 12 13 14 15 16 17 18 19 20 21 22 23 24 25 26 |
---------------+-------------------------------------------------------------------------------+-----
Fighting       | 15 17 19 22 23 25 27 | 27.0
Axes           | 11 12 15 19 21 25 27 | 27.0
Armour         | 7 8 9 10 11 12 14 22 27 | 27.0
Dodging        | 7 8 10 11 12 13 15 25 27 | 27.0
Stealth        | 13 15 16 19 21 22 26 27 | 27.0
Unarmed Combat | 14 16 17 19 21 22 25 27 | 27.0
Spellcasting   | 12 13 15 17 19 20 24 27 | 27.0
Invocations    | 17 19 21 24 25 27 | 27.0
Short Blades   | 9 13 17 21 24 26 27 | 27.0
Long Blades    | 8 12 16 20 23 25 27 | 27.0
Maces & Flails | 8 12 16 20 23 25 27 | 27.0
Polearms       | 9 12 16 20 23 25 27 | 27.0
Staves         | 8 12 16 20 23 25 27 | 27.0
Slings         | 8 12 16 20 23 25 27 | 27.0
Bows           | 8 12 16 20 23 25 27 | 27.0
Crossbows      | 8 12 16 20 23 25 27 | 27.0
Throwing       | 8 12 16 20 23 25 27 | 27.0
Shields        | 8 12 16 20 23 25 27 | 27.0
Evocations     | 9 13 18 22 25 27 | 27.0
Conjurations   | 14 | 14.1

Action                   |  1- 3 |  4- 6 |  7- 9 | 10-12 | 13-15 | 16-18 | 19-21 | 22-24 | 25-27 || total
-------------------------+-------+-------+-------+-------+-------+-------+-------+-------+-------++-------
Melee: Executioner's axe |     1 |       |       |       |     8 |     8 |    13 |    12 |     7 ||    49
Dodge: Dodged            |     1 |       |       |       |       |       |       |     1 |     1 ||     3

Table legend: (Time is in decaauts)
 A = Elapsed time spent in this place.
 B = Non-inter-level travel time spent in this place.
 C = Inter-level travel time spent in this place.
 D = Time resting spent in this place.
 E = Time spent auto-exploring this place.
 F = Levels seen in this place.
 G = Mean time per level.
                   A        B        C        D        E       F      G
               +--------+--------+--------+--------+--------+-----+--------+
         Total |     60 |     60 |      0 |      0 |      0 |   1 |   60.0 |
       Dungeon |     60 |     60 |      0 |      0 |      0 |   1 |   60.0 |
               +--------+--------+--------+--------+--------+-----+--------+

Top non-repeatable levels by time:
       D: 60 daAuts
